 Dungeon Crawl Stone Soup version 0.17.0-28-g6e173f8 (webtiles) character file.

2568 Ivanskos the Covered (level 9, -9/90 HPs)
             Began as a Deep Dwarf Fighter on Nov 28, 2015.
             Was a Believer of Makhleb.
             Mangled by an ogre
             ... wielding a +0 giant spiked club
              (25 damage)
             ... on level 8 of the Dungeon.
             The game lasted 00:21:54 (6022 turns).

Ivanskos the Covered (Deep Dwarf Fighter)           Turns: 6022, Time: 00:21:54

Health: -9/90      AC:  7    Str: 22    XL:     9   Next: 31%
Magic:  7/7        EV: 13    Int: 10    God:    Makhleb [**....]
Gold:   385        SH: 16    Dex: 15    Spells: 0 memorised, 8 levels left

rFire  + . .     SeeInvis +     D - +0 morningstar
rCold  . . .     Clarity  .     i - +2 leather armour {rF+}
rNeg   . . .     SustAt   .     g - +0 large shield
rPois  +         Gourm    .     (no helmet)
rElec  .         Spirit   .     t - +0 cloak
rCorr  .         Warding  .     (no gloves)
rMut   .         Stasis   .     (no boots)
MR     +....                    E - amulet of rage
Stlth  +.........               j - +3 ring of dexterity
                                h - +2 ring of evasion

@: non-regenerating, somewhat resistant to hostile enchantments, very unstealthy
A: damage resistance, recharge devices, see invisible, sense surroundings 2,
poison resistance, robust 1, slow regeneration 3
a: Device Recharging, Minor Destruction, Renounce Religion, Evoke Berserk Rage


You were on level 8 of the Dungeon.
You worshipped Makhleb.
Makhleb was pleased with you.
You were not hungry.

You visited 2 branches of the dungeon, and saw 9 of its levels.

You collected 385 gold pieces.

Inventory:

Hand Weapons
 D - a +0 morningstar (weapon)
Armour
 g - a +0 large shield (worn)
 i - a +2 leather armour of fire resistance (worn)
 t - a +0 cloak (worn)
Jewellery
 h - a +2 ring of evasion (left hand)
 j - a +3 ring of dexterity (right hand)
 E - an amulet of rage (around neck)
Wands
 e - a wand of heal wounds (2)
 n - a wand of frost (32)
 x - a wand of fireball (9)
 A - a wand of fire (10)
 G - a wand of random effects (19)
Scrolls
 c - a scroll of fear {unknown}
 l - a scroll of enchant weapon {unknown}
 m - a scroll of noise {unknown}
 o - 2 scrolls of immolation {unknown}
 p - 4 scrolls of remove curse
 r - 3 scrolls of blinking {unknown}
 w - 3 scrolls of teleportation {unknown}
 y - 2 scrolls of amnesia {unknown}
 C - a scroll of identify
 F - a scroll of enchant armour {unknown}
Potions
 b - a potion of brilliance {unknown}
 d - 2 potions of might
 k - 2 potions of magic
 q - 2 potions of lignification
 s - 6 potions of curing
 u - a potion of invisibility
 v - a potion of agility
 B - 2 potions of cancellation {unknown}
Books
 a - a book of Battle

   Spells                             Type                      Level
   a - Infusion                       Charms                       1
   b - Shroud of Golubria             Charms/Translocation         2
   c - Song of Slaying                Charms                       2
   d - Spectral Weapon                Hexes/Charms                 3
   e - Regeneration                   Charms/Necromancy            3
Comestibles
 f - 3 bread rations
 z - 2 meat rations


   Skills:
 + Level 6.0 Fighting
 + Level 5.9 Maces & Flails
 + Level 7.1 Armour
 + Level 5.9 Dodging
 + Level 7.0 Shields


You had 8 spell levels left.
You didn't know any spells.

Dungeon Overview and Level Annotations

Branches:
Dungeon (8/15)             Temple (1/1) D:4
   Lair: D:8-11

Altars:
Ashenzari
Cheibriados
Elyvilon
Fedhas
Gozag
Kikubaaqudgha
Makhleb
Nemelex Xobeh
Qazlal
Ru
Sif Muna
Trog
Vehumet
Xom
Yredelemnul
Zin
The Shining One


Innate Abilities, Weirdness & Mutations

You are resistant to damage.
You can recharge devices by infusing magical energy.
You passively map the area around you.
You do not regenerate naturally.
You have supernaturally acute eyesight.
Your system is resistant to poisons.
You are robust (+10% HP).


Message History

The orc closely misses you.
You completely miss the gnoll shaman.
The gnoll shaman is severely wounded.
The orc hits you but does no damage. You block the orc's attack.
You block the gnoll's attack. x2
The gnoll barely misses you. The gnoll shaman hits you with a whip!
* * * LOW HITPOINT WARNING * * *
The ogre closely misses you. The orc misses you.
The orc hits you but does no damage. x2
A worker ant comes into view.
You closely miss the gnoll shaman.
The gnoll shaman is severely wounded.
The worker ant twitches its antennae in your direction.
You block the gnoll's attack.
The gnoll shaman hits you but does no damage.
The gnoll hits you from afar with a halberd!
* * * LOW HITPOINT WARNING * * *
You block the gnoll's attack.
The ogre hits you with a giant spiked club!!
You die...

, ,...., #............ ,
...### #............ ,,
.....####..<......... * ,
,#...#.......#.....## **
#...#.....#.###..## , ,,
#...#....#..# ##.# ,
.####..........## #.# ,,
.a....ooO....### #.## ,
*#####go@#(...# #..# , *
#..gg#(...# ##.# ,**
,,.....g..######*######(##
,.......## , .......... ,,
, * ####### , ###....... ,
* ,, + .......... * * *, ,
###....... , , ,,, * *
###..... , ,,,*, #.....


You could see an ogre, a gnoll shaman, a worker ant, 3 gnolls and 3 orcs.

Vanquished Creatures
  The ghost of Ivanskos the Shield-Bearer, a novice DDFi (D:7)
  Sigmund (D:3)
  Menkaure (D:4)
  A sky beast (D:6)
  2 centaurs (D:7)
  A giant frog (D:7)
  A wyvern zombie (D:7)
  2 scorpions
  9 wights
  3 crimson imps
  A giant frog zombie (D:5)
  2 hounds (D:5)
  2 jellies (D:5)
  5 orc priests
  3 iguanas
  11 worker ants
  A hound zombie (D:6)
  3 gnolls (D:5)
  A worker ant zombie (D:5)
  9 adders
  A shadow imp (D:5)
  2 oozes
  An adder skeleton (D:6)
  A worm (D:3)
  12 orcs
  3 bats
  2 giant cockroaches
  3 goblins
  9 hobgoblins
  8 jackals (D:2)
  6 kobolds
  4 quokkas
  4 ball pythons
  5 giant geckos
  2 giant newts
  A jackal skeleton (D:4)
  4 rats
  A spectral orc (D:6)
129 creatures vanquished.

Vanquished Creatures (others)
  4 jackals (D:2)
4 creatures vanquished.

Grand Total: 133 creatures vanquished

Notes
Turn   | Place    | Note
--------------------------------------------------------------
     0 | D:1      | Ivanskos the Deep Dwarf Fighter began the quest for the Orb.
     0 | D:1      | Reached XP level 1. HP: 20/20 MP: 1/1
   480 | D:1      | Reached XP level 2. HP: 22/27 MP: 2/2
  1157 | D:2      | Reached XP level 3. HP: 21/34 MP: 3/3
  1312 | D:2      | Reached skill level 1 in Dodging
  1866 | D:3      | Noticed Sigmund
  1894 | D:3      | Killed Sigmund
  1894 | D:3      | Reached skill level 4 in Armour
  1894 | D:3      | Reached XP level 4. HP: 24/44 MP: 4/4
  1894 | D:3      | Reached XP level 5. HP: 27/50 MP: 5/5
  2382 | D:4      | Found a staircase to the Ecumenical Temple.
  2387 | Temple   | Entered the Ecumenical Temple
  2393 | Temple   | Became a worshipper of Makhleb the Destroyer
  2546 | D:4      | Found a glowing silver altar of Zin.
  2588 | D:4      | Reached XP level 6. HP: 17/57 MP: 6/6
  3154 | D:4      | Noticed Menkaure
  3161 | D:4      | Killed Menkaure
  3161 | D:4      | Reached XP level 7. HP: 26/64 MP: 7/7
  3348 | D:5      | Entered Level 5 of the Dungeon
  3451 | D:5      | Reached skill level 5 in Armour
  3473 | D:5      | Reached * piety under Makhleb
  3654 | D:5      | Reached skill level 5 in Shields
  3866 | D:5      | Gained mutation: You are robust (+10% HP). [potion of mutation]
  3866 | D:5      | Gained mutation: You have supernaturally acute eyesight. [potion of mutation]
  3866 | D:5      | Gained mutation: Your system is resistant to poisons. [potion of mutation]
  4031 | D:5      | Found a stormy altar of Qazlal.
  4032 | D:5      | Found a bloodstained altar of Trog.
  4032 | D:5      | Found an ancient bone altar of Kikubaaqudgha.
  4300 | D:5      | Reached ** piety under Makhleb
  4311 | D:5      | Reached XP level 8. HP: 33/80 MP: 7/7
  4401 | D:6      | Reached skill level 5 in Fighting
  4514 | D:6      | Reached skill level 6 in Armour
  4586 | D:6      | Reached skill level 5 in Maces & Flails
  4688 | D:6      | Found a basalt altar of Yredelemnul.
  4932 | D:6      | Reached skill level 5 in Dodging
  5390 | D:7      | Noticed Ivanskos's ghost (novice DDFi)
  5436 | D:7      | Killed Ivanskos's ghost
  5436 | D:7      | Gained mutation: You passively map the area around you. [Deep Dwarf growth]
  5436 | D:7      | Reached XP level 9. HP: 31/90 MP: 8/8
  5595 | D:7      | Found a shimmering altar of Xom.
  5964 | D:8      | Reached skill level 7 in Armour
  6022 | D:8      | Mangled by an ogre

Action                   |  1- 3 |  4- 6 |  7- 9 || total
-------------------------+-------+-------+-------++-------
Melee: Flail             |   161 |   123 |   264 ||   548
       Morningstar       |       |       |   144 ||   144
       Mace              |       |       |    40 ||    40
 Abil: Device Recharging |       |       |     2 ||     2
Evoke: Wand              |     2 |     2 |     8 ||    12
  Use: Potion            |     1 |       |     2 ||     3
       Scroll            |       |       |     8 ||     8
 Stab: Sleeping          |       |       |     1 ||     1
  Eat: Meat ration       |     1 |       |     2 ||     3
       Royal jelly       |       |     1 |       ||     1
       Beef jerky        |       |       |     2 ||     2
